Rochester Americans vs Quebec Rempart

Created - 26 mars 2018 at 09:04

Goals
1 2 3 T
Rochester Americans 0 1 1 2
Quebec Rempart 2 1 0 3
Shots
1 2 3 T
Rochester Americans 6 13 12 31
Quebec Rempart 9 15 8 32

1st period

1. Quebec Rempart , Michael Joly 13 (Denis Malgin 42) at 14:39 (PP)
2. Quebec Rempart , Lauri Korpikoski 40 (Yohann Auvitu 45) at 16:31

Penalties :
Dominik Masin (AMR) for Hooking (Minor) at 14:35

2nd period

3. Rochester Americans , Peter Holland 63 (Brock McGinn 54, Austin Carroll 7) at 6:14
4. Quebec Rempart , Jujhar Khaira 36 (Lauri Korpikoski 60, Milan Michalek 20) at 11:08

Penalties :
Philip Samuelsson (AMR) for Goalie Interference (Minor) at 0:38, Brett Lernout (AMR) for Roughing (Minor) at 12:35

3rd period

5. Rochester Americans , Luke Kunin 20 (Austin Carroll 8, Anton Blidh 15) at 6:03

Penalties :
Nick Seeler (REM) for Tripping (Minor) at 13:53, Andreas Martinsen (AMR) for Interference (Minor) at 19:16

Goalie Stats

David Rittich (AMR), 29 saves from 32 shots - (0,906), L, 39-20-8, 60:00 minutes
Troy Grosenick (REM), 29 saves from 31 shots - (0,935), W, 5-5-2, 60:00 minutes

Players Stats for Rochester Americans

Player Name              G  A  P  +/- PIM S  H  SB GA TA FO     MP     PP MP  PK MP  
------------------------------------------------------------------------------------
Adam Tambellini          0  0  0   0  0   3  0  0  1  0  3/5    10:06   0:00   0:52 
Alex Broadhurst          0  0  0   0  0   0  0  0  0  0  0/1     3:21   0:00   0:00 
Andreas Martinsen        0  0  0   1  2   0  0  2  0  0  0/1    16:36   1:01   1:05 
Anton Blidh              0  1  1  -1  0   7  2  1  1  0  0/0    13:15   0:00   0:00 
Austin Carroll           0  2  2  -1  0   0  2  0  0  0  0/1    13:10   0:00   0:00 
Brett Lernout            0  0  0   0  2   1  2  1  0  1  0/0    23:48   0:42   1:48 
Brock McGinn             0  1  1   1  0   3  2  1  2  0  3/10   25:14   1:01   3:19 
Dominik Masin            0  0  0  -1  2   1  0  1  0  0  0/0    15:52   0:00   0:36 
Keaton Thompson          0  0  0  -1  0   0  0  1  0  0  0/0    17:44   0:00   1:42 
Luke Kunin               1  0  1  -1  0   3  3  0  1  0  1/5    13:49   0:00   0:00 
Markus Nutivaara         0  0  0   1  0   3  0  1  0  0  0/0    20:27   1:17   2:00 
Michael Chaput           0  0  0   0  0   2  0  0  0  0  4/11   17:05   0:58   0:37 
Peter Holland            1  0  1   1  0   1  1  2  0  0  9/20   19:13   1:01   3:19 
Philip Samuelsson        0  0  0   1  2   0  0  0  1  3  0/0    18:30   1:17   0:26 
Seth Griffith            0  0  0   0  0   1  1  0  1  0  0/0    16:37   0:58   0:00 
Steven Kampfer           0  0  0   0  0   3  2  2  0  2  0/0    24:10   0:42   2:58 
Tim Bozon                0  0  0   0  0   1  0  0  0  0  0/0     7:55   0:00   0:00 
Tyler Bertuzzi           0  0  0   0  0   2  5  0  0  0  0/0    17:40   0:58   0:18 

Players Stats for Quebec Rempart

Player Name              G  A  P  +/- PIM S  H  SB GA TA FO     MP     PP MP  PK MP  
------------------------------------------------------------------------------------
Andrew Bodnarchuk        0  0  0   1  0   0  0  2  0  1  0/0    12:19   0:00   0:00 
Brendan Lemieux          0  0  0   0  0   0  1  0  0  0  1/1     5:48   0:00   0:30 
Colton Hargrove          0  0  0  -1  0   3  2  1  0  1  2/2    19:39   2:10   0:00 
Dan DeSalvo              0  0  0   0  0   2  1  0  1  0  4/6    10:01   0:00   0:00 
Darren Dietz             0  0  0   0  0   1  0  0  0  1  0/0    20:48   1:40   0:59 
Denis Malgin             0  1  1  -1  0   3  2  0  2  0  9/14   19:49   2:10   0:22 
Dmytro Timashov          0  0  0   0  0   1  0  0  0  1  0/0    12:04   0:00   0:00 
Joseph LaBate            0  0  0   0  0   0  0  0  0  0  0/0     2:14   0:00   0:00 
Jujhar Khaira            1  0  1   1  0   4  4  1  1  0  1/2    23:22   2:35   1:01 
Kevin Czuczman           0  0  0  -1  0   1  0  2  0  1  0/0    26:40   3:05   1:00 
Lauri Korpikoski         1  1  2   1  0   6  2  1  0  2  13/24  25:40   2:35   1:07 
Michael Joly             1  0  1  -1  0   5  1  0  1  0  0/0    19:30   2:10   0:00 
Milan Michalek           0  1  1   1  0   1  1  0  1  0  0/0    15:55   2:35   0:22 
Nick Ebert               0  0  0   0  0   0  1  1  0  0  0/0    20:48   1:40   0:59 
Nick Moutrey             0  0  0   0  0   1  1  0  0  0  0/0    10:01   0:00   0:00 
Nick Seeler              0  0  0   1  2   0  0  0  0  0  0/0    12:19   0:00   0:00 
Tanner Fritz             0  0  0   0  0   1  1  1  0  0  4/5    13:30   0:00   0:36 
Yohann Auvitu            0  1  1  -1  0   3  2  1  0  0  0/0    26:29   3:05   1:00 

3 Stars

1 - Lauri Korpikoski (REM)
2 - Jujhar Khaira (REM)
3 - Peter Holland (AMR)

Power Play

Rochester Americans - 0 on 1 Attempt(s) - 0,00%
Quebec Rempart - 1 on 4 Attempt(s) - 25,00%

Penalty Kill

Rochester Americans - 3 on 4 Attempt(s) - 75,00% - Score 0 goal in Penalty Kill
Quebec Rempart - 1 on 1 Attempt(s) - 100,00% - Score 0 goal in Penalty Kill

Team Stat

Rochester Americans - Hits : 20 - Faceoff Wins : 20 - Blocked Shots : 12 - Penalty Minutes : 8
Quebec Rempart - Hits : 19 - Faceoff Wins : 34 - Blocked Shots : 10 - Penalty Minutes : 2

Official

Referees : Brian Pochmara and Wes McCauley
Linesman : Thor Nelson and Pierre Racicot

Game Notes

No Game Note

Finance

Level 1 -- Attendance: 1645 (82,25%) -- Ticket Income 57 575 $
Level 2 -- Attendance: 762 (76,20%) -- Ticket Income 11 430 $
Total Attendance: 2407 (80,23%)
Total Ticket Income: 69 005 $
Other Income: 33 812 $
Total Income: 102 817 $

Rochester Americans

5 vs 5 Forward 
   Center                   Left Wing                Right Wing               Time % Phy DF OF 
 1 Peter Holland            Brock McGinn             Andreas Martinsen        40     1   2  2  
 2 Michael Chaput           Tyler Bertuzzi           Seth Griffith            30     1   2  2  
 3 Luke Kunin               Anton Blidh              Austin Carroll           20     1   2  2  
 4 Adam Tambellini          Tim Bozon                Brock McGinn             10     1   2  2  

5 vs 5 Defense 
   Defense                  Defense                                           Time % Phy DF OF 
 1 Steven Kampfer           Brett Lernout                                     40     1   2  2  
 2 Markus Nutivaara         Philip Samuelsson                                 30     1   2  2  
 3 Dominik Masin            Keaton Thompson                                   20     1   2  2  
 4 Steven Kampfer           Brett Lernout                                     10     1   2  2  

PowerPlay Forward 
   Center                   Left Wing                Right Wing               Time % Phy DF OF 
 1 Peter Holland            Brock McGinn             Andreas Martinsen        60     1   2  2  
 2 Michael Chaput           Tyler Bertuzzi           Seth Griffith            40     1   2  2  

PowerPlay Defense
   Defense                  Defense                                           Time % Phy DF OF 
 1 Steven Kampfer           Brett Lernout                                     60     1   2  2  
 2 Markus Nutivaara         Philip Samuelsson                                 40     1   2  2  

Penalty Kill 4 Players Forward 
   Center                   Wing                     Time % Phy DF OF 
 1 Brock McGinn             Peter Holland            60     1   2  2  
 2 Michael Chaput           Andreas Martinsen        40     1   2  2  

Penalty Kill 4 Players Defense
   Defense                  Defense                  Time % Phy DF OF 
 1 Steven Kampfer           Brett Lernout            60     1   2  2  
 2 Markus Nutivaara         Philip Samuelsson        40     1   2  2  

Penalty Kill - 3 Players Forward 
   Forward                                           Time % Phy DF OF 
 1 Brock McGinn                                      60     1   2  2  
 2 Peter Holland                                     40     1   2  2  

Penalty Kill - 3 Players Defense
   Defense                  Defense                  Time % Phy DF OF 
 1 Steven Kampfer           Brett Lernout            60     1   2  2  
 2 Markus Nutivaara         Philip Samuelsson        40     1   2  2  

4 vs 4 Forward 
   Center                   Wing                     Time % Phy DF OF 
 1 Brock McGinn             Peter Holland            60     1   2  2  
 2 Michael Chaput           Andreas Martinsen        40     1   2  2  

4 vs 4 Defense
   Defense                  Defense                  Time % Phy DF OF 
 1 Steven Kampfer           Brett Lernout            60     1   2  2  
 2 Markus Nutivaara         Philip Samuelsson        40     1   2  2  

Last Minutes Offensive
   Center                   Left Wing                Right Wing               Defense                  Defense                  
   Peter Holland            Brock McGinn             Andreas Martinsen        Steven Kampfer           Brett Lernout            

Last Minutes Defensive
   Center                   Left Wing                Right Wing               Defense                  Defense                  
   Peter Holland            Brock McGinn             Andreas Martinsen        Steven Kampfer           Brett Lernout            

Goaltenders
Starting : David Rittich            
Backup : Andrew Hammond           

Extra Forwards
Normal : Alex Broadhurst, Luke Kunin, Adam Tambellini - PP : Alex Broadhurst, Luke Kunin - PK : Adam Tambellini
Extra Defensemen
Normal : Dominik Masin, Keaton Thompson, Markus Nutivaara - PP : Dominik Masin - PK : Keaton Thompson, Markus Nutivaara
Penalty Shots
Brock McGinn, Peter Holland, Michael Chaput, Andreas Martinsen, Tyler Bertuzzi

Scratches
Sam Jardine (Healthy), Jarred Tinordi (Healthy), Joe Morrow (Healthy), Linus Arnesson (Healthy), Mason Geertsen (Healthy)

Quebec Rempart

5 vs 5 Forward 
   Center                   Left Wing                Right Wing               Time % Phy DF OF 
 1 Lauri Korpikoski         Jujhar Khaira            Milan Michalek           40     1   2  2  
 2 Denis Malgin             Colton Hargrove          Michael Joly             30     1   2  2  
 3 Tanner Fritz             Dmytro Timashov          Lauri Korpikoski         20     1   2  2  
 4 Dan DeSalvo              Nick Moutrey             Jujhar Khaira            10     1   2  2  

5 vs 5 Defense 
   Defense                  Defense                                           Time % Phy DF OF 
 1 Kevin Czuczman           Yohann Auvitu                                     40     1   2  2  
 2 Darren Dietz             Nick Ebert                                        30     1   2  2  
 3 Andrew Bodnarchuk        Nick Seeler                                       20     1   2  2  
 4 Kevin Czuczman           Yohann Auvitu                                     10     1   2  2  

PowerPlay Forward 
   Center                   Left Wing                Right Wing               Time % Phy DF OF 
 1 Lauri Korpikoski         Jujhar Khaira            Milan Michalek           60     1   2  2  
 2 Denis Malgin             Colton Hargrove          Michael Joly             40     1   2  2  

PowerPlay Defense
   Defense                  Defense                                           Time % Phy DF OF 
 1 Kevin Czuczman           Yohann Auvitu                                     60     1   2  2  
 2 Darren Dietz             Nick Ebert                                        40     1   2  2  

Penalty Kill 4 Players Forward 
   Center                   Wing                     Time % Phy DF OF 
 1 Lauri Korpikoski         Jujhar Khaira            60     1   2  2  
 2 Milan Michalek           Denis Malgin             40     1   2  2  

Penalty Kill 4 Players Defense
   Defense                  Defense                  Time % Phy DF OF 
 1 Kevin Czuczman           Yohann Auvitu            60     1   2  2  
 2 Darren Dietz             Nick Ebert               40     1   2  2  

Penalty Kill - 3 Players Forward 
   Forward                                           Time % Phy DF OF 
 1 Lauri Korpikoski                                  60     1   2  2  
 2 Jujhar Khaira                                     40     1   2  2  

Penalty Kill - 3 Players Defense
   Defense                  Defense                  Time % Phy DF OF 
 1 Kevin Czuczman           Yohann Auvitu            60     1   2  2  
 2 Darren Dietz             Nick Ebert               40     1   2  2  

4 vs 4 Forward 
   Center                   Wing                     Time % Phy DF OF 
 1 Lauri Korpikoski         Jujhar Khaira            60     1   2  2  
 2 Milan Michalek           Denis Malgin             40     1   2  2  

4 vs 4 Defense
   Defense                  Defense                  Time % Phy DF OF 
 1 Kevin Czuczman           Yohann Auvitu            60     1   2  2  
 2 Darren Dietz             Nick Ebert               40     1   2  2  

Last Minutes Offensive
   Center                   Left Wing                Right Wing               Defense                  Defense                  
   Lauri Korpikoski         Jujhar Khaira            Milan Michalek           Kevin Czuczman           Yohann Auvitu            

Last Minutes Defensive
   Center                   Left Wing                Right Wing               Defense                  Defense                  
   Lauri Korpikoski         Jujhar Khaira            Milan Michalek           Kevin Czuczman           Yohann Auvitu            

Goaltenders
Starting : Troy Grosenick           
Backup : Michael Leighton         

Extra Forwards
Normal : Brendan Lemieux, Joseph LaBate, Tanner Fritz - PP : Brendan Lemieux, Joseph LaBate - PK : Tanner Fritz
Extra Defensemen
Normal : Andrew Bodnarchuk, Nick Seeler, Darren Dietz - PP : Andrew Bodnarchuk - PK : Nick Seeler, Darren Dietz
Penalty Shots
Lauri Korpikoski, Jujhar Khaira, Milan Michalek, Denis Malgin, Tanner Fritz

Scratches
Ryan Kujawinski (Healthy), Spencer Martin (Healthy)

% Time on Ice - Rochester Americans

Lines # - Real PCT - Wanted PCT - Time Play
Normal Forward
1 - 27% - 40% - 13:59
2 - 33% - 30% - 17:35
3 - 25% - 20% - 13:16
4 - 15% - 10% - 7:55
Normal Defense
1 - 37% - 40% - 19:18
2 - 32% - 30% - 16:57
3 - 27% - 20% - 14:23
4 - 4% - 10% - 2:07
PP Forward
1 - 51% - 60% - 1:01
2 - 49% - 40% - 0:58
PP Defense
1 - 35% - 60% - 0:42
2 - 65% - 40% - 1:17
PK Forward
1 - 87% - 60% - 4:08
2 - 13% - 40% - 0:37
PK Defense
1 - 75% - 60% - 3:34
2 - 25% - 40% - 1:11
PK3 Forward
1 - 0% - 60%
2 - 0% - 40%
PK3 Defense
1 - 0% - 60%
2 - 0% - 40%
44 Forward
1 - 0% - 60%
2 - 0% - 40%
44 Defense
1 - 0% - 60%
2 - 0% - 40%
Last Minute Offensive  - 0:31
Last Minute Defensive  - 0:00
Total
Forward - 60:00
Defense - 60:00

% Time on Ice - Quebec Rempart

Lines # - Real PCT - Wanted PCT - Time Play
Normal Forward
1 - 21% - 40% - 11:18
2 - 36% - 30% - 19:14
3 - 23% - 20% - 12:04
4 - 19% - 10% - 10:12
Normal Defense
1 - 38% - 40% - 19:59
2 - 34% - 30% - 18:09
3 - 23% - 20% - 12:13
4 - 5% - 10% - 2:27
PP Forward
1 - 54% - 60% - 2:35
2 - 46% - 40% - 2:10
PP Defense
1 - 65% - 60% - 3:05
2 - 35% - 40% - 1:40
PK Forward
1 - 82% - 60% - 1:37
2 - 18% - 40% - 0:22
PK Defense
1 - 50% - 60% - 1:00
2 - 50% - 40% - 0:59
PK3 Forward
1 - 0% - 60%
2 - 0% - 40%
PK3 Defense
1 - 0% - 60%
2 - 0% - 40%
44 Forward
1 - 0% - 60%
2 - 0% - 40%
44 Defense
1 - 0% - 60%
2 - 0% - 40%
Last Minute Offensive  - 0:00
Last Minute Defensive  - 0:28
Total
Forward - 60:00
Defense - 60:00

Play by Play

1st period


0:01 of 1st period - Peter Holland wins face-off versus Lauri Korpikoski in neutral zone.
0:28 of 1st period - Wrist shot by Brock McGinn.
0:28 of 1st period - Shot Misses the Net.
0:34 of 1st period - Wrist shot by Denis Malgin.
0:34 of 1st period - Stopped by David Rittich without a rebound.
0:35 of 1st period - Tanner Fritz wins face-off versus Luke Kunin in Rochester Americans zone.
0:57 of 1st period - Icing by Dmytro Timashov.
0:58 of 1st period - Dan DeSalvo wins face-off versus Adam Tambellini in Quebec Rempart zone.
1:03 of 1st period - Wrist shot by Dan DeSalvo.
1:03 of 1st period - Shot Misses the Net.
1:25 of 1st period - Snap shot by Lauri Korpikoski.
1:25 of 1st period - Shot Misses the Net.
2:24 of 1st period - Wrist shot by Tanner Fritz.
2:24 of 1st period - Shot Misses the Net.
3:04 of 1st period - Wrist shot by Brock McGinn.
3:04 of 1st period - Shot Blocked by Andrew Bodnarchuk.
3:06 of 1st period - Slapshot by Tim Bozon.
3:06 of 1st period - Shot Blocked by Andrew Bodnarchuk.
3:27 of 1st period - Lauri Korpikoski is hit by Brock McGinn.
3:47 of 1st period - Wrist shot by Adam Tambellini.
3:47 of 1st period - Stopped by Troy Grosenick with a rebound.
3:55 of 1st period - Snap shot by Adam Tambellini.
3:55 of 1st period - Shot Misses the Net.
3:57 of 1st period - Wrist shot by Brock McGinn.
3:57 of 1st period - Stopped by Troy Grosenick with a rebound.
3:59 of 1st period - Snap shot by Keaton Thompson.
3:59 of 1st period - Shot Misses the Net.
4:01 of 1st period - Snap shot by Adam Tambellini.
4:01 of 1st period - Stopped by Troy Grosenick without a rebound.
4:02 of 1st period - Michael Chaput wins face-off versus Denis Malgin in Quebec Rempart zone.
4:03 of 1st period - Slapshot by Tyler Bertuzzi.
4:03 of 1st period - Stopped by Troy Grosenick with a rebound.
4:40 of 1st period - Snap shot by Anton Blidh.
4:40 of 1st period - Shot Misses the Net.
4:58 of 1st period - Seth Griffith is hit by Nick Moutrey and loses puck.
6:46 of 1st period - Wrist shot by Andreas Martinsen.
6:46 of 1st period - Shot Misses the Net.
7:02 of 1st period - Tyler Bertuzzi is hit by Jujhar Khaira.
8:04 of 1st period - Icing by Yohann Auvitu.
8:05 of 1st period - Brendan Lemieux wins face-off versus Luke Kunin in Quebec Rempart zone.
8:53 of 1st period - Icing by Anton Blidh.
8:54 of 1st period - Dan DeSalvo wins face-off versus Peter Holland in Rochester Americans zone.
8:55 of 1st period - Snap shot by Nick Moutrey.
8:55 of 1st period - Shot Blocked by Peter Holland.
8:57 of 1st period - Snap shot by Nick Moutrey.
8:57 of 1st period - Shot Blocked by Keaton Thompson.
9:15 of 1st period - Denis Malgin is hit by Luke Kunin and loses puck.
10:36 of 1st period - Icing by Steven Kampfer.
10:37 of 1st period - Tanner Fritz wins face-off versus Michael Chaput in Rochester Americans zone.
10:40 of 1st period - Snap shot by Lauri Korpikoski.
10:40 of 1st period - Stopped by David Rittich with a rebound.
10:46 of 1st period - Nick Ebert is hit by Seth Griffith and loses puck.
10:51 of 1st period - Slapshot by Seth Griffith.
10:51 of 1st period - Shot Blocked by Lauri Korpikoski.
10:53 of 1st period - Slapshot by Steven Kampfer.
10:53 of 1st period - Stopped by Troy Grosenick without a rebound.
10:54 of 1st period - Colton Hargrove wins face-off versus Peter Holland in Quebec Rempart zone.
11:07 of 1st period - Wrist shot by Colton Hargrove.
11:07 of 1st period - Stopped by David Rittich with a rebound.
11:21 of 1st period - Milan Michalek is hit by Anton Blidh and loses puck.
13:01 of 1st period - Icing by Dmytro Timashov.
13:02 of 1st period - Tanner Fritz wins face-off versus Peter Holland in Quebec Rempart zone.
13:17 of 1st period - Snap shot by Peter Holland.
13:17 of 1st period - Shot Hit the Post.
13:23 of 1st period - Slapshot by Denis Malgin.
13:23 of 1st period - Shot Misses the Net.
14:35 of 1st period - Minor Penalty to Dominik Masin for Hooking.
14:36 of 1st period - Denis Malgin wins face-off versus Brock McGinn in Rochester Americans zone.
14:37 of 1st period - Wrist shot by Michael Joly.
14:37 of 1st period - Deflect By Peter Holland.
14:37 of 1st period - Stopped by David Rittich with a rebound.
14:39 of 1st period - Wrist shot by Michael Joly.
14:39 of 1st period - Goal by Michael Joly - Rochester Americans : 0 - Quebec Rempart : 1.
14:40 of 1st period - Peter Holland wins face-off versus Lauri Korpikoski in neutral zone.
14:52 of 1st period - Snap shot by Jujhar Khaira.
14:52 of 1st period - Stopped by David Rittich without a rebound.
14:53 of 1st period - Peter Holland wins face-off versus Lauri Korpikoski in Rochester Americans zone.
15:06 of 1st period - Wrist shot by Milan Michalek.
15:06 of 1st period - Shot Blocked by Andreas Martinsen.
15:08 of 1st period - Wrist shot by Jujhar Khaira.
15:08 of 1st period - Shot Misses the Net.
15:18 of 1st period - Michael Joly is hit by Steven Kampfer and loses puck.
15:25 of 1st period - Brett Lernout is hit by Denis Malgin.
15:46 of 1st period - Wrist shot by Lauri Korpikoski.
15:46 of 1st period - Stopped by David Rittich with a rebound.
15:48 of 1st period - Wrist shot by Dmytro Timashov.
15:48 of 1st period - Stopped by David Rittich without a rebound.
15:49 of 1st period - Lauri Korpikoski wins face-off versus Peter Holland in Rochester Americans zone.
15:50 of 1st period - Wrist shot by Milan Michalek.
15:50 of 1st period - Shot Blocked by Peter Holland.
16:17 of 1st period - Wrist shot by Anton Blidh.
16:17 of 1st period - Stopped by Troy Grosenick with a rebound.
16:31 of 1st period - Slapshot by Lauri Korpikoski.
16:31 of 1st period - Goal by Lauri Korpikoski - Rochester Americans : 0 - Quebec Rempart : 2.
16:32 of 1st period - Lauri Korpikoski wins face-off versus Peter Holland in neutral zone.
16:35 of 1st period - Slapshot by Lauri Korpikoski.
16:35 of 1st period - Shot Misses the Net.
16:49 of 1st period - Andreas Martinsen is hit by Jujhar Khaira and loses puck.
17:58 of 1st period - Tyler Bertuzzi is hit by Nick Ebert.
18:28 of 1st period - Brock McGinn is hit by Milan Michalek and loses puck.
18:55 of 1st period - Snap shot by Luke Kunin.
18:55 of 1st period - Shot Blocked by Tanner Fritz.
19:51 of 1st period - Slapshot by Steven Kampfer.
19:51 of 1st period - Shot Blocked by Kevin Czuczman.
Goals for this period are 0 for Rochester Americans vs 2 for Quebec Rempart.
Shots for this period are 6 for Rochester Americans vs 9 for Quebec Rempart.

2nd period


0:01 of 2nd period - Lauri Korpikoski wins face-off versus Peter Holland in neutral zone.
0:26 of 2nd period - Snap shot by Anton Blidh.
0:26 of 2nd period - Deflect By Luke Kunin.
0:26 of 2nd period - Stopped by Troy Grosenick without a rebound.
0:27 of 2nd period - Denis Malgin wins face-off versus Luke Kunin in Quebec Rempart zone.
0:38 of 2nd period - Minor Penalty to Philip Samuelsson for Goalie Interference.
0:39 of 2nd period - Lauri Korpikoski wins face-off versus Brock McGinn in Rochester Americans zone.
1:31 of 2nd period - Off-side.
1:32 of 2nd period - Adam Tambellini wins face-off versus Denis Malgin in neutral zone.
1:37 of 2nd period - Backhand shot by Markus Nutivaara.
1:37 of 2nd period - Stopped by Troy Grosenick without a rebound.
1:38 of 2nd period - Denis Malgin wins face-off versus Brock McGinn in Quebec Rempart zone.
1:49 of 2nd period - Slapshot by Denis Malgin.
1:49 of 2nd period - Shot Misses the Net.
1:51 of 2nd period - Snap shot by Colton Hargrove.
1:51 of 2nd period - Stopped by David Rittich with a rebound.
1:53 of 2nd period - Slapshot by Kevin Czuczman.
1:53 of 2nd period - Stopped by David Rittich without a rebound.
1:54 of 2nd period - Lauri Korpikoski wins face-off versus Brock McGinn in Rochester Americans zone.
1:59 of 2nd period - Snap shot by Lauri Korpikoski.
1:59 of 2nd period - Shot Misses the Net.
2:01 of 2nd period - Slapshot by Yohann Auvitu.
2:01 of 2nd period - Stopped by David Rittich without a rebound.
2:02 of 2nd period - Lauri Korpikoski wins face-off versus Brock McGinn in Rochester Americans zone.
2:26 of 2nd period - Wrist shot by Milan Michalek.
2:26 of 2nd period - Shot Blocked by Steven Kampfer.
2:28 of 2nd period - Slapshot by Yohann Auvitu.
2:28 of 2nd period - Deflect By Lauri Korpikoski.
2:28 of 2nd period - Shot Misses the Net.
2:28 of 2nd period - Puck is out of play.
2:29 of 2nd period - Denis Malgin wins face-off versus Brock McGinn in Rochester Americans zone.
2:30 of 2nd period - Snap shot by Michael Joly.
2:30 of 2nd period - Stopped by David Rittich with a rebound.
2:32 of 2nd period - Snap shot by Michael Joly.
2:32 of 2nd period - Stopped by David Rittich with a rebound.
2:38 of 2nd period - Penalty to Philip Samuelsson is over, Philip Samuelsson is back on ice.
2:38 of 2nd period - Wrist shot by Denis Malgin.
2:38 of 2nd period - Shot Misses the Net.
2:54 of 2nd period - Markus Nutivaara is hit by Tanner Fritz and loses puck.
2:59 of 2nd period - Snap shot by Lauri Korpikoski.
2:59 of 2nd period - Shot Misses the Net.
3:01 of 2nd period - Snap shot by Tanner Fritz.
3:01 of 2nd period - Shot Misses the Net.
3:03 of 2nd period - Slapshot by Kevin Czuczman.
3:03 of 2nd period - Shot Blocked by Markus Nutivaara.
3:53 of 2nd period - Lauri Korpikoski is hit by Anton Blidh and loses puck.
4:08 of 2nd period - Wrist shot by Denis Malgin.
4:08 of 2nd period - Stopped by David Rittich with a rebound.
4:24 of 2nd period - Snap shot by Seth Griffith.
4:24 of 2nd period - Stopped by Troy Grosenick with a rebound.
4:26 of 2nd period - Snap shot by Michael Chaput.
4:26 of 2nd period - Stopped by Troy Grosenick without a rebound.
4:27 of 2nd period - Colton Hargrove wins face-off versus Michael Chaput in Quebec Rempart zone.
5:07 of 2nd period - Tanner Fritz is hit by Tyler Bertuzzi and loses puck.
5:26 of 2nd period - Icing by Steven Kampfer.
5:27 of 2nd period - Denis Malgin wins face-off versus Adam Tambellini in Rochester Americans zone.
5:57 of 2nd period - Nick Moutrey is hit by Tyler Bertuzzi and loses puck.
6:12 of 2nd period - Snap shot by Brock McGinn.
6:12 of 2nd period - Shot Misses the Net.
6:14 of 2nd period - Snap shot by Peter Holland.
6:14 of 2nd period - Goal by Peter Holland - Rochester Americans : 1 - Quebec Rempart : 2.
6:15 of 2nd period - Brock McGinn wins face-off versus Lauri Korpikoski in neutral zone.
6:48 of 2nd period - Markus Nutivaara is hit by Denis Malgin and loses puck.
7:23 of 2nd period - Slapshot by Markus Nutivaara.
7:23 of 2nd period - Deflect By Tim Bozon.
7:23 of 2nd period - Shot Misses the Net.
7:23 of 2nd period - Puck is out of play.
7:24 of 2nd period - Denis Malgin wins face-off versus Andreas Martinsen in Quebec Rempart zone.
7:29 of 2nd period - Nick Seeler is hit by Brett Lernout and loses puck.
7:48 of 2nd period - Brett Lernout is hit by Jujhar Khaira and loses puck.
8:09 of 2nd period - Snap shot by Dan DeSalvo.
8:09 of 2nd period - Stopped by David Rittich with a rebound.
8:11 of 2nd period - Wrist shot by Jujhar Khaira.
8:11 of 2nd period - Deflect By Dan DeSalvo.
8:11 of 2nd period - Shot Blocked by Brett Lernout.
8:11 of 2nd period - Puck is out of play.
8:12 of 2nd period - Dan DeSalvo wins face-off versus Peter Holland in Rochester Americans zone.
8:15 of 2nd period - Backhand shot by Dan DeSalvo.
8:15 of 2nd period - Shot Blocked by Dominik Masin.
8:17 of 2nd period - Wrist shot by Nick Moutrey.
8:17 of 2nd period - Stopped by David Rittich with a rebound.
8:19 of 2nd period - Slapshot by Nick Ebert.
8:19 of 2nd period - Shot Misses the Net.
8:37 of 2nd period - Wrist shot by Anton Blidh.
8:37 of 2nd period - Stopped by Troy Grosenick without a rebound.
8:38 of 2nd period - Lauri Korpikoski wins face-off versus Luke Kunin in Quebec Rempart zone.
9:26 of 2nd period - Backhand shot by Tanner Fritz.
9:26 of 2nd period - Stopped by David Rittich with a rebound.
9:28 of 2nd period - Wrist shot by Tanner Fritz.
9:28 of 2nd period - Shot Misses the Net.
9:30 of 2nd period - Wrist shot by Tanner Fritz.
9:30 of 2nd period - Deflect By Lauri Korpikoski.
9:30 of 2nd period - Stopped by David Rittich without a rebound.
9:31 of 2nd period - Tanner Fritz wins face-off versus Michael Chaput in Rochester Americans zone.
9:42 of 2nd period - Snap shot by Michael Chaput.
9:42 of 2nd period - Stopped by Troy Grosenick with a rebound.
9:44 of 2nd period - Slapshot by Michael Chaput.
9:44 of 2nd period - Shot Misses the Net.
9:46 of 2nd period - Snap shot by Brett Lernout.
9:46 of 2nd period - Stopped by Troy Grosenick without a rebound.
9:47 of 2nd period - Peter Holland wins face-off versus Lauri Korpikoski in Quebec Rempart zone.
9:50 of 2nd period - Wrist shot by Peter Holland.
9:50 of 2nd period - Shot Misses the Net.
11:04 of 2nd period - Slapshot by Milan Michalek.
11:04 of 2nd period - Shot Blocked by Anton Blidh.
11:06 of 2nd period - Backhand shot by Lauri Korpikoski.
11:06 of 2nd period - Stopped by David Rittich with a rebound.
11:08 of 2nd period - Slapshot by Jujhar Khaira.
11:08 of 2nd period - Goal by Jujhar Khaira - Rochester Americans : 1 - Quebec Rempart : 3.
11:09 of 2nd period - Peter Holland wins face-off versus Lauri Korpikoski in neutral zone.
11:12 of 2nd period - Yohann Auvitu is hit by Brett Lernout and loses puck.
11:17 of 2nd period - Wrist shot by Andreas Martinsen.
11:17 of 2nd period - Shot Misses the Net.
11:19 of 2nd period - Slapshot by Steven Kampfer.
11:19 of 2nd period - Stopped by Troy Grosenick with a rebound.
11:21 of 2nd period - Slapshot by Steven Kampfer.
11:21 of 2nd period - Deflect By Brock McGinn.
11:21 of 2nd period - Stopped by Troy Grosenick without a rebound.
11:22 of 2nd period - Lauri Korpikoski wins face-off versus Peter Holland in Quebec Rempart zone.
11:49 of 2nd period - Wrist shot by Denis Malgin.
11:49 of 2nd period - Stopped by David Rittich without a rebound.
11:50 of 2nd period - Michael Chaput wins face-off versus Denis Malgin in Rochester Americans zone.
12:08 of 2nd period - Michael Chaput is hit by Michael Joly and loses puck.
12:20 of 2nd period - Off-side.
12:21 of 2nd period - Lauri Korpikoski wins face-off versus Austin Carroll in neutral zone.
12:28 of 2nd period - Wrist shot by Jujhar Khaira.
12:28 of 2nd period - Shot Misses the Net.
12:30 of 2nd period - Wrist shot by Jujhar Khaira.
12:30 of 2nd period - Stopped by David Rittich without a rebound.
12:31 of 2nd period - Lauri Korpikoski wins face-off versus Peter Holland in Rochester Americans zone.
12:35 of 2nd period - Minor Penalty to Brett Lernout for Roughing.
12:36 of 2nd period - Jujhar Khaira wins face-off versus Peter Holland in Rochester Americans zone.
14:35 of 2nd period - Penalty to Brett Lernout is over, Brett Lernout is back on ice.
15:05 of 2nd period - Dan DeSalvo is hit by Austin Carroll and loses puck.
15:14 of 2nd period - Snap shot by Anton Blidh.
15:14 of 2nd period - Stopped by Troy Grosenick with a rebound.
15:16 of 2nd period - Snap shot by Anton Blidh.
15:16 of 2nd period - Stopped by Troy Grosenick with a rebound.
15:47 of 2nd period - Icing by Nick Ebert.
15:48 of 2nd period - Denis Malgin wins face-off versus Brock McGinn in Quebec Rempart zone.
16:49 of 2nd period - Off-side.
16:50 of 2nd period - Michael Chaput wins face-off versus Denis Malgin in neutral zone.
17:17 of 2nd period - Philip Samuelsson is hit by Yohann Auvitu and loses puck.
17:22 of 2nd period - Slapshot by Milan Michalek.
17:22 of 2nd period - Shot Misses the Net.
17:24 of 2nd period - Slapshot by Darren Dietz.
17:24 of 2nd period - Stopped by David Rittich with a rebound.
17:48 of 2nd period - Backhand shot by Anton Blidh.
17:48 of 2nd period - Stopped by Troy Grosenick with a rebound.
17:58 of 2nd period - Slapshot by Darren Dietz.
17:58 of 2nd period - Shot Misses the Net.
19:15 of 2nd period - Michael Chaput is hit by Yohann Auvitu and loses puck.
Goals for this period are 1 for Rochester Americans vs 1 for Quebec Rempart.
Shots for this period are 13 for Rochester Americans vs 15 for Quebec Rempart.

3rd period


0:01 of 3rd period - Peter Holland wins face-off versus Lauri Korpikoski in neutral zone.
0:56 of 3rd period - Snap shot by Luke Kunin.
0:56 of 3rd period - Shot Misses the Net.
1:44 of 3rd period - Slapshot by Tyler Bertuzzi.
1:44 of 3rd period - Stopped by Troy Grosenick with a rebound.
2:00 of 3rd period - Colton Hargrove is hit by Austin Carroll and loses puck.
3:12 of 3rd period - Steven Kampfer is hit by Brendan Lemieux and loses puck.
3:29 of 3rd period - Michael Chaput is hit by Lauri Korpikoski and loses puck.
3:57 of 3rd period - Philip Samuelsson is hit by Colton Hargrove and loses puck.
4:14 of 3rd period - Slapshot by Dan DeSalvo.
4:14 of 3rd period - Stopped by David Rittich without a rebound.
4:15 of 3rd period - Dan DeSalvo wins face-off versus Michael Chaput in Rochester Americans zone.
4:18 of 3rd period - Slapshot by Dan DeSalvo.
4:18 of 3rd period - Shot Misses the Net.
4:32 of 3rd period - Michael Joly is hit by Tyler Bertuzzi.
4:53 of 3rd period - Milan Michalek is hit by Brock McGinn and loses puck.
5:13 of 3rd period - Icing by Brock McGinn.
5:14 of 3rd period - Denis Malgin wins face-off versus Peter Holland in Rochester Americans zone.
5:15 of 3rd period - Wrist shot by Yohann Auvitu.
5:15 of 3rd period - Stopped by David Rittich with a rebound.
5:17 of 3rd period - Snap shot by Colton Hargrove.
5:17 of 3rd period - Shot Blocked by Brock McGinn.
5:19 of 3rd period - Snap shot by Denis Malgin.
5:19 of 3rd period - Shot Blocked by Andreas Martinsen.
5:21 of 3rd period - Snap shot by Colton Hargrove.
5:21 of 3rd period - Stopped by David Rittich with a rebound.
5:25 of 3rd period - Slapshot by Michael Joly.
5:25 of 3rd period - Stopped by David Rittich without a rebound.
5:26 of 3rd period - Lauri Korpikoski wins face-off versus Michael Chaput in Rochester Americans zone.
5:35 of 3rd period - Steven Kampfer is hit by Jujhar Khaira.
5:51 of 3rd period - Kevin Czuczman is hit by Luke Kunin.
6:01 of 3rd period - Snap shot by Austin Carroll.
6:01 of 3rd period - Shot Misses the Net.
6:03 of 3rd period - Wrist shot by Luke Kunin.
6:03 of 3rd period - Goal by Luke Kunin - Rochester Americans : 2 - Quebec Rempart : 3.
6:04 of 3rd period - Peter Holland wins face-off versus Jujhar Khaira in neutral zone.
6:07 of 3rd period - Jujhar Khaira is hit by Peter Holland.
6:19 of 3rd period - Snap shot by Brock McGinn.
6:19 of 3rd period - Stopped by Troy Grosenick with a rebound.
6:31 of 3rd period - Kevin Czuczman is hit by Steven Kampfer and loses puck.
6:38 of 3rd period - Snap shot by Tyler Bertuzzi.
6:38 of 3rd period - Shot Misses the Net.
7:13 of 3rd period - Brock McGinn is hit by Dan DeSalvo and loses puck.
8:27 of 3rd period - Slapshot by Markus Nutivaara.
8:27 of 3rd period - Stopped by Troy Grosenick with a rebound.
8:29 of 3rd period - Snap shot by Michael Chaput.
8:29 of 3rd period - Shot Misses the Net.
8:31 of 3rd period - Snap shot by Markus Nutivaara.
8:31 of 3rd period - Stopped by Troy Grosenick without a rebound.
8:32 of 3rd period - Michael Chaput wins face-off versus Dan DeSalvo in Quebec Rempart zone.
9:00 of 3rd period - Nick Seeler is hit by Luke Kunin and loses puck.
9:35 of 3rd period - Nick Moutrey is hit by Tyler Bertuzzi and loses puck.
9:54 of 3rd period - Snap shot by Michael Chaput.
9:54 of 3rd period - Shot Blocked by Nick Ebert.
10:14 of 3rd period - Off-side.
10:15 of 3rd period - Adam Tambellini wins face-off versus Lauri Korpikoski in neutral zone.
10:18 of 3rd period - Slapshot by Steven Kampfer.
10:18 of 3rd period - Stopped by Troy Grosenick without a rebound.
10:19 of 3rd period - Adam Tambellini wins face-off versus Tanner Fritz in Quebec Rempart zone.
10:38 of 3rd period - Snap shot by Adam Tambellini.
10:38 of 3rd period - Stopped by Troy Grosenick with a rebound.
10:40 of 3rd period - Slapshot by Brett Lernout.
10:40 of 3rd period - Shot Misses the Net.
10:42 of 3rd period - Snap shot by Tim Bozon.
10:42 of 3rd period - Shot Blocked by Yohann Auvitu.
10:44 of 3rd period - Slapshot by Tim Bozon.
10:44 of 3rd period - Stopped by Troy Grosenick without a rebound.
10:45 of 3rd period - Denis Malgin wins face-off versus Michael Chaput in Quebec Rempart zone.
10:45 of 3rd period - Denis Malgin is hit by Tyler Bertuzzi.
10:59 of 3rd period - Slapshot by Seth Griffith.
10:59 of 3rd period - Shot Blocked by Colton Hargrove.
11:37 of 3rd period - Snap shot by Anton Blidh.
11:37 of 3rd period - Shot Blocked by Kevin Czuczman.
12:11 of 3rd period - Slapshot by Yohann Auvitu.
12:11 of 3rd period - Stopped by David Rittich with a rebound.
12:27 of 3rd period - Wrist shot by Anton Blidh.
12:27 of 3rd period - Stopped by Troy Grosenick without a rebound.
12:28 of 3rd period - Luke Kunin wins face-off versus Dan DeSalvo in Quebec Rempart zone.
12:29 of 3rd period - Snap shot by Anton Blidh.
12:29 of 3rd period - Shot Blocked by Jujhar Khaira.
12:31 of 3rd period - Snap shot by Anton Blidh.
12:31 of 3rd period - Stopped by Troy Grosenick with a rebound.
12:33 of 3rd period - Slapshot by Dominik Masin.
12:33 of 3rd period - Deflect By Luke Kunin.
12:33 of 3rd period - Stopped by Troy Grosenick with a rebound.
12:35 of 3rd period - Snap shot by Dominik Masin.
12:35 of 3rd period - Stopped by Troy Grosenick without a rebound.
12:36 of 3rd period - Peter Holland wins face-off versus Lauri Korpikoski in Quebec Rempart zone.
12:39 of 3rd period - Snap shot by Brock McGinn.
12:39 of 3rd period - Shot Misses the Net.
13:01 of 3rd period - Keaton Thompson is hit by Colton Hargrove and loses puck.
13:25 of 3rd period - Slapshot by Lauri Korpikoski.
13:25 of 3rd period - Stopped by David Rittich with a rebound.
13:27 of 3rd period - Slapshot by Kevin Czuczman.
13:27 of 3rd period - Shot Misses the Net.
13:29 of 3rd period - Backhand shot by Dmytro Timashov.
13:29 of 3rd period - Shot Misses the Net.
13:53 of 3rd period - Minor Penalty to Nick Seeler for Tripping.
13:54 of 3rd period - Peter Holland wins face-off versus Lauri Korpikoski in Quebec Rempart zone.
14:42 of 3rd period - Snap shot by Tanner Fritz.
14:42 of 3rd period - Shot Misses the Net.
15:32 of 3rd period - Icing by Tyler Bertuzzi.
15:33 of 3rd period - Lauri Korpikoski wins face-off versus Michael Chaput in Rochester Americans zone.
15:53 of 3rd period - Penalty to Nick Seeler is over, Nick Seeler is back on ice.
18:52 of 3rd period - Slapshot by Jujhar Khaira.
18:52 of 3rd period - Stopped by David Rittich with a rebound.
18:54 of 3rd period - Wrist shot by Milan Michalek.
18:54 of 3rd period - Shot Blocked by Steven Kampfer.
18:56 of 3rd period - Slapshot by Kevin Czuczman.
18:56 of 3rd period - Deflect By Lauri Korpikoski.
18:56 of 3rd period - Shot Misses the Net.
18:56 of 3rd period - Puck is out of play.
18:57 of 3rd period - Blaine Forsythe call a timeout for Rochester Americans.
18:57 of 3rd period - Lauri Korpikoski wins face-off versus Alex Broadhurst in Rochester Americans zone.
19:10 of 3rd period - Snap shot by Milan Michalek.
19:10 of 3rd period - Shot Misses the Net.
19:12 of 3rd period - Snap shot by Milan Michalek.
19:12 of 3rd period - Stopped by David Rittich with a rebound.
19:14 of 3rd period - Snap shot by Yohann Auvitu.
19:14 of 3rd period - Shot Misses the Net.
19:16 of 3rd period - Minor Penalty to Andreas Martinsen for Interference.
19:17 of 3rd period - Brock McGinn wins face-off versus Lauri Korpikoski in Rochester Americans zone.
19:17 of 3rd period - Brock McGinn is hit by Lauri Korpikoski.
19:46 of 3rd period - Icing by Yohann Auvitu.
19:47 of 3rd period - Brock McGinn wins face-off versus Denis Malgin in Quebec Rempart zone.
Goals for this period are 1 for Rochester Americans vs 0 for Quebec Rempart.
Shots for this period are 12 for Rochester Americans vs 8 for Quebec Rempart.